 Dungeon Crawl Stone Soup version 0.29-a0-271-gd4eb659eea (console) character file.

Game seed: 4347302338257433456

307 TryExcept the Twirler (level 5, -1/41 HPs)
             Began as a Demigod Gladiator on Mar 8, 2022.
             Slain by an orc
             ... wielding a +0 morningstar
              (10 damage)
             ... on level 4 of the Dungeon.
             The game lasted 00:10:26 (3803 turns).

TryExcept the Twirler (Demigod Gladiator)           Turns: 3803, Time: 00:10:26

Health: -1/41      AC:  6    Str: 19    XL:     5   Next: 94%
Magic:  7/7        EV: 11    Int: 10    God:
Gold:   144        SH:  0    Dex: 15    Spells: 4/4 levels left

rFire   . . .      SeeInvis .   a - +0 quarterstaff
rCold   . . .      Faith    .   (shield currently unavailable)
rNeg    . . .      Spirit   .   m - +0 ring mail
rPois   .          Reflect  .   c - +0 helmet
rElec   .          Harm     .   (no cloak)
rCorr   .          Rampage  .   (no gloves)
Will    .....                   (no boots)
Stlth   +.........              (no amulet)
HPRegen 0.13/turn               (no ring)
MPRegen 0.10/turn               (no ring)

@: no status effects
A: high MP 1, forlorn, divine attributes
a: no special abilities


You were on level 4 of the Dungeon.
You visited 1 branch of the dungeon, and saw 4 of its levels.

You collected 144 gold pieces.

Inventory:

Hand Weapons
 a - a +0 quarterstaff (weapon)
 b - the +5 hunting sling of Xoemeam {flame, rN+ Str+4 Dex-4 Stlth+}
   (You found it on level 3 of the Dungeon)

   Any ammunition fired from it burns those it strikes, dealing additional fire
   damage.
   Str:       It affects your strength (+4).
   Dex:       It affects your dexterity (-4).
   rN:        It protects you from negative energy.
   Stlth:     It makes you more stealthy.
 h - a +1 vampiric whip
Missiles
 d - 3 throwing nets {=f =F}
 e - 3 javelins (quivered)
 i - 4 poisoned darts
Armour
 c - a +0 helmet (worn)
 m - a +0 ring mail (worn)
Scrolls
 g - 2 scrolls of fog
 j - 2 scrolls of teleportation {@r2}
Potions
 f - a potion of might
 k - a potion of haste {unknown}
 l - a potion of lignification {unknown}
 n - a potion of mutation {unknown}
 o - a potion of resistance {unknown}
 p - a potion of attraction {unknown}
 q - a potion of brilliance {unknown}


   Skills:
 - Level 1.7 Fighting
 + Level 5.4 Staves
 + Level 3.6 Throwing
 - Level 2.6 Dodging


You had 4 spell levels left.
You didn't know any spells.
Your spell library contained the following spells:

 Spells                   Type           Power      Damage    Failure   Level
 Corpse Rot               Necr/Air       0%         N/A       69%         2
 Poisonous Vapours        Pois/Air       0%         N/A       69%         2
 Portal Projectile        Hex/Tloc       0%         N/A       89%         3
 Blade Hands              Tmut           0%         N/A       100%        5
 Excruciating Wounds      Necr           0%         N/A       100%        5


Dungeon Overview and Level Annotations

Branches:
Dungeon (4/15)
 Temple: D:4-7

Shops:
D:2 (


Innate Abilities, Weirdness & Mutations

You have an increased reservoir of magic. (+10% MP)
You shall have no god before yourself.
Your divine heritage dramatically boosts your attributes as you level up.


Message History

The orc throws a stone.
The stone closely misses you.
An orc priest comes into view. It is wielding a +0 short sword.
The orc hits you with a +0 morningstar.
An orc wizard comes into view. It is wielding a +0 spear.
HP: 22/41 (-6) ======------ !
Throw: 7 javelins
Press: ? - help, Q - select action, (/) - cycle Shift-Dir - straight line, f - orc priest
Aim: an orc priest, wielding a +0 short sword and wearing a +0 leather armour (59% to hit)
You throw a javelin. The orc wizard shouts!
The javelin pierces through the orc but does no damage.
The javelin pierces through the orc wizard!
The orc wizard is severely wounded.
The javelin pierces through the orc priest.
The orc priest is moderately wounded.
You hear a shout!
The orc hits you but does no damage. The orc wizard completely misses you.
The orc wizard gestures wildly while chanting.
The orc wizard flickers and vanishes!
Deactivating autopickup; reactivate with Ctrl-A.
The orc hits you with a +0 morningstar.
* * * LOW HITPOINT WARNING * * *
HP: 17/41 (-5) ====-------- !
Throw: 6 javelins
Press: ? - help, Q - select action, (/) - cycle Shift-Dir - straight line, p - orc priest You throw a javelin.
The javelin closely misses the orc.
The javelin pierces through the orc priest but does no damage.
The orc priest is moderately wounded.
Something hits you but does no damage. The orc hits you with a +0 morningstar!
* * * LOW HITPOINT WARNING * * *
HP: 9/41 (-8) ==---------- !
Throw: 5 javelins
Press: ? - help, Q - select action, (/) - cycle Shift-Dir - straight line You throw a javelin.
The javelin closely misses the orc.
Something hits you but does no damage. The orc closely misses you.
Throw: 4 javelins
Press: ? - help, Q - select action, (/) - cycle Shift-Dir - straight line You throw a javelin.
The javelin barely misses the orc.
The orc hits you with a +0 morningstar!
You die...

.......# #.##.#....# #.#######
#####.#####.##.####.# #........
#..............)# #........
####.#####.........#####.#######
##....# ####.###...<....#
......# #.# #.#####.######
##..#.# #.# #.# #.# #.. ..#.#.#
#.# #.#####.# #.# ⌠.#.#.# #.#
#.......###.# . ..#.#.# ####.#
#######.##..# ... ##≈.#.# #....#
#.#..@##..... ≈≈....# #.####
#.....o{..# ≈≈..#.# #.#
##.###.##...( ##≈.#.#####.# #.##
#.....(# ..#.........# #.
###.#.#### ⌠.#.#######.# ..
...#... ..#.# #.# ### #..##.#
##..# #.# #. #..##># ....# #.#
#. #..##.# ##.## #.# #. #..##.#
#.. #.# #.# #. #..##.# #..


You could see an orc.

Vanquished Creatures
  A scorpion (D:4)
  3 orc priests (D:3)
  An iguana (D:4)
  3 adders
  An ufetubus (D:4)
  A worm (D:2)
  2 dart slugs
  4 orcs
  7 ball pythons
  8 endoplasms
  5 giant cockroaches
  6 goblins (D:1)
  7 hobgoblins
  9 jackals
  11 kobolds
  4 quokkas
  8 bats
  4 frilled lizards (D:1)
  3 rats (D:1)
88 creatures vanquished.

Notes
Turn   | Place    | Note
-------+----------+-------------------------------------------
     0 | D:1      | TryExcept the Demigod Gladiator began the quest for the
                  | Orb.
     0 | D:1      | Reached XP level 1. HP: 17/17 MP: 3/3
   256 | D:1      | Reached skill level 3 in Staves
   652 | D:1      | Reached XP level 2. HP: 16/24 MP: 4/4
   962 | D:1      | Reached XP level 3. HP: 28/29 MP: 5/5
  1106 | D:1      | Reached skill level 4 in Staves
  1506 | D:2      | Found Lyvapag's Antique Weapon Shoppe.
  2285 | D:3      | Identified the +5 hunting sling of Xoemeam {flame, rN+
                  | Str+4 Dex-4 Stlth+}
  2407 | D:3      | Reached XP level 4. HP: 22/36 MP: 6/6
  2463 | D:3      | Reached XP level 5. HP: 15/41 MP: 7/7
  2889 | D:3      | Reached skill level 5 in Staves
  3803 | D:4      | Slain by an orc

Illustrated notes

Levels and vault maps discovered:
D:1:      dpeg_arrival_fog, layout_loops_ring, st_stairs_11, minmay_tetromino_l2
D:2:      layout_loops_ring, serial_shops, nicolae_square_shop,
          ebering_ecumenical_altar_petrified
D:3:      layout_loops_ring
D:4:      layout_loops_ring, nzn_wu_jian_contemplation, fountainhead

Skill      XL: |  1  2  3  4  5 |
---------------+----------------+-----
Staves         | 3 4 5 |  5.4
Throwing       | 2 3 |  3.6
Fighting       | |  1.7
Dodging        | |  2.6

Action                   |  1- 3 |  4- 6 || total
-------------------------+-------+-------++-------
Melee: Quarterstaff      |   153 |    73 ||   226
 Fire: Hunting sling     |     8 |    17 ||    25
Throw: Javelin           |       |     8 ||     8
  Use: Scroll            |     4 |     1 ||     5
 Stab: Sleeping          |     1 |       ||     1
Armor: Leather armour    |     8 |       ||     8
       Ring mail         |    51 |    37 ||    88
Dodge: Dodged            |    90 |    41 ||   131

Table legend: (Time is in decaauts)
 A = Elapsed time spent in this place.
 B = Non-inter-level travel time spent in this place.
 C = Inter-level travel time spent in this place.
 D = Time resting spent in this place.
 E = Time spent auto-exploring this place.
 F = Levels seen in this place.
 G = Mean time per level.
                   A        B        C        D        E       F      G
               +--------+--------+--------+--------+--------+-----+--------+
         Total |   3833 |   3764 |     69 |    961 |   1842 |   4 |  958.2 |
       Dungeon |   3833 |   3764 |     69 |    961 |   1842 |   4 |  958.2 |
               +--------+--------+--------+--------+--------+-----+--------+

Top non-repeatable levels by time:
     D:1: 1377 daAuts
     D:3: 1029 daAuts
     D:2: 760 daAuts
     D:4: 666 daAuts
